[Event "*** Titled Tuesday 3|2 Blitz"]
[Site "Chess.com"]
[Date "2015.12.01"]
[Round "6"]
[White "Herman-NY"]
[Black "Rating-Schmating"]
[Result "1-0"]
[WhiteElo "2186"]
[BlackElo "2079"]
[TimeControl "180+2"]
[EndTime "12:16:31 PST"]
[Termination "Herman-NY won by checkmate"]

1. e4 e6 2. d4 d5 3. Nd2 Nf6 4. e5 Nfd7 5. Bd3 c5 6. c3 Nc6 7. Ne2 f6 8. exf6 Nxf6 9. O-O cxd4 10. cxd4 Bd6 11. Nf3 O-O 12. Bg5 Qb6 13. b3 Bd7 14. Ng3 Rae8 15. Rc1 e5 16. dxe5 Nxe5 17. Nxe5 Bxe5 18.
Bb1 Bb5 19. Bd3 Bxd3 20. Qxd3 Bxg3 21. hxg3 Qe6 22. Be3 b6 23. Bd4 Rc8 24. f3 Rfe8 25. Kf2 Qf7 26. Kg1 Qe6 27. Rxc8 Rxc8 28. Rd1 Rd8 29. Kf2 Qf7 30. Kg1 Qe6 31. g4 h6 32. Qg6 Qf7 33. Qf5 Qd7 34. Qf4 Qd6 35. Be5 Qc5+ 36. Kh2 Qc6 37. Re1 Re8 38. Rd1 Qe6 39.
Bd4 Rd8 40. Rd3 Qd6 41. Be5 Qc6 42. Qf5 Qd7 43. Qf4 Qc6 44. Re3 Nd7 45. Bxg7 Kxg7 46. Re7+ Kh8 47. Qf7 Qd6+ 48. g3 Qxe7 49. Qxe7 Rc8 50.
Qxd7 Rc2+ 51. Kh3 Rxa2 52. f4 a6 53. f5 b5 54. f6 Rf2 55. Qg7# 1-0

[Event "*** Titled Tuesday 3|2 Blitz"]
[Site "Chess.com"]
[Date "2015.12.01"]
[Round "6"]
[White "Boryboy"]
[Black "Iball95"]
[Result "1-0"]
[WhiteElo "2524"]
[BlackElo "2421"]
[TimeControl "180+2"]
[EndTime "12:16:32 PST"]
[Termination "Boryboy won by checkmate"]

1. d4 Nf6 2. Nf3 g6 3. g3 Bg7 4.
Bg2 O-O 5. O-O d5 6. c3 Bf5 7. Re1 Nbd7 8. Bf4 c5 9. Nbd2 Qb6 10. Qb3 cxd4 11. Nxd4 e5 12. Nxf5 gxf5 13. Be3 Qxb3 14. Nxb3 Rfd8 15. Rad1 Nb6 16. Na5 Rab8 17. h3 Ne4 18. g4 fxg4 19. hxg4 h6 20. Bxe4 dxe4 21. Rxd8+ Rxd8 22. Nxb7 Rb8 23. Na5 Na4 24. Nc4 Rc8 25. Nd6 Rb8 26. Bxa7 Rxb2 27. Nxe4 Rxa2 28. Be3 Rc2 29.
Bd2 Nb6 30. Rc1 Rxc1+ 31. Bxc1 Bf8 32. Kg2 Kg7 33. Kf3 Kg6 34. Ng3 Nd5 35. Bd2 Bc5 36.
Nf5 Bf8 37. e4 Nb6 38. Ke2 Nc4 39. Bc1 Nb6 40. f3 Nc4 41. Kd3 Nb6 42. c4 Nd7 43. Be3 Bb4 44. Nxh6 f6 45. Nf5 Kf7 46. Kc2 Nb8 47. Kb3 Nc6 48. Ka4 Bf8 49. Kb5 Nd8 50. c5 Ke6 51. c6 Bd6 52. Nxd6 Kxd6 53. Bc5+ Ke6 54. c7 f5 55. c8=Q+ Kf7 56. Qxf5+ Kg8 57.
Qg6+ Kh8 58. Be7 Ne6 59. Bf6+ Ng7 60. Bxe5 Kg8 61. Qxg7# 1-0

[Event "*** Titled Tuesday 3|2 Blitz"]
[Site "Chess.com"]
[Date "2015.12.01"]
[Round "6"]
[White "oggy1984"]
[Black "ArnaudovP"]
[Result "1/2-1/2"]
[WhiteElo "2216"]
[BlackElo "2320"]
[TimeControl "180+2"]
[EndTime "12:16:48 PST"]
[Termination "Game drawn - insufficient material"]

1. e4 e5 2. Nf3 Nc6 3. Bb5 Bb4 4. c3 Ba5 5. O-O Nge7 6. a4 a6 7. Bc4 O-O 8. d3 d5 9. Ba2 dxe4 10. dxe4 Qxd1 11. Rxd1 Bg4 12. Be3 Bxf3 13. gxf3 Rad8 14. Nd2 Bb6 15. Bxb6 cxb6 16. Nc4 Nc8 17. Ne3 N6e7 18. Ng4 Ng6 19. Bd5 Rd7 20. Kf1 Rfd8 21. Bb3 Rxd1+ 22. Rxd1 Rxd1+ 23. Bxd1 f6 24. Bb3+ Kf8 25. Ne3 Nf4 26. Bd5 Nd6 27. Nc4 Nxc4 28. Bxc4 Ke7 29. b4 Kd6 30.
Ke1 g5 31. Kd2 h5 32. Ke3 h4 33.
Bg8 a5 34. Bc4 Kc7 35. Bf7 Kc6 36. Be8+ Kd6 37. Bf7 Kc7 38. Bc4 Ng6 39. Bf7 Ne7 40. Kd3 Nc8 41. Bd5 Nd6 42. Be6 b5 43. axb5 axb4 44.
cxb4 Kb6 45. Bd7 Nxb5 46. Bxb5 Kxb5 47. Kc3 Ka4 48. Kc4 b6 49. h3 Ka3 50. Kb5 Kb3 51. Kxb6 Kxb4 52. Kc6 Kc3 53. Kd6 Kd3 54. Ke6 Ke2 55.
Kxf6 Kxf3 56. Kxg5 Kxe4 57. Kxh4 Kf3 58. Kg5 Kxf2 59.
h4 e4 60. h5 e3 61. h6 e2 62. h7 e1=Q 63. h8=Q Qe3+ 64. Kg6 Qg3+ 65. Kf7 Qc7+ 66. Kg8 Qd8+ 67. Kh7 Qh4+ 68. Kg8 Qc4+ 69. Kh7 Qf7+ 70.
Qg7 Qxg7+ 71. Kxg7 1/2-1/2

[Event "*** Titled Tuesday 3|2 Blitz"]
[Site "Chess.com"]
[Date "2015.12.01"]
[Round "6"]
[White "oskariot"]
[Black "LADIESGET2KNOWME"]
[Result "1-0"]
[WhiteElo "2255"]
[BlackElo "2229"]
[TimeControl "180+2"]
[EndTime "12:16:51 PST"]
[Termination "oskariot won by resignation"]

1. c4 Nf6 2. Nf3 g6 3. g3 Bg7 4. Bg2 O-O 5. O-O d6 6. Nc3 Nc6 7. d3 e5 8. Rb1 a5 9. a3 h6 10. b4 axb4 11. axb4 Be6 12. b5 Ne7 13.
Nd2 c6 14. Qb3 Qd7 15. Bb2 Bh3 16. Ra1 Bxg2 17. Kxg2 Nf5 18. e3 h5 19. h3 d5 20.
bxc6 bxc6 21. Rxa8 Rxa8 22. Na4 Re8 23. Nc5 Qc7 24.
Rc1 d4 25. e4 Nd6 26. Ba3 Bh6 27. Rc2 Bxd2 28. Rxd2 h4 29. g4 Nh7 30. Qb4 Rd8 31.
Rb2 Ng5 32. Qb6 Qxb6 33. Rxb6 Ra8 34. Bc1 Nh7 35. Rxc6 Ne8 36. Nd7 f6 37. Bb2 Ra2 38.
Rb6 Nc7 39. c5 Ne6 40. Rxe6 Rxb2 41. Rb6 Rc2 42. Nxf6+ Nxf6 43. Rxf6 Kg7 44. Rc6 Kh6 45. Kf3 Rd2 46. Re6 Rxd3+ 47. Kg2 Rc3 48. Rxe5 d3 49. Rd5 g5 50. Kf3 d2+ 51. Kg2 Rxh3 52. Kxh3 1-0

[Event "*** Titled Tuesday 3|2 Blitz"]
[Site "Chess.com"]
[Date "2015.12.01"]
[Round "6"]
[White "chessmaxusa"]
[Black "AndroQueen"]
[Result "0-1"]
[WhiteElo "2315"]
[BlackElo "2294"]
[TimeControl "180+2"]
[EndTime "12:16:56 PST"]
[Termination "AndroQueen won by checkmate"]

1. d4 Nf6 2. Nf3 g6 3. Bf4 Bg7 4. e3 O-O 5. h3 d6 6. Be2 Nbd7 7. O-O b6 8. c3 Bb7 9. Nbd2 Re8 10. a4 a6 11. Bh2 e5 12. Nc4 Ne4 13. Re1 Qe7 14. Bf1 Ng5 15. Nxg5 Qxg5 16. Qb3 Rab8 17. Rad1 Qe7 18.
Qa3 h5 19. b4 Kh7 20. Nb2 Nf6 21. dxe5 dxe5 22. Qb3 Ne4 23. Nc4 Rbd8 24. f3 Ng5 25. e4 Bc8 26. Ne3 Bxh3 27. Bxa6 Rxd1 28. Qxd1 Be6 29. Qc2 h4 30. Kf2 h3 31. g4 Qf6 32.
Nf5 gxf5 33. gxf5 Bc8 34. Bc4 Bh6 35. Bg3 Rg8 36. Rh1 Qg7 37. Rg1 h2 38. Bxh2 Nh3+ 39. Kf1 Nxg1 40. Qf2 Qg5 41. Bxg1 Qc1+ 42. Qe1 Rxg1+ 43.
Kxg1 Qxe1+ 44. Kg2 Qxc3 45. Bxf7 Qxb4 46. Kg3 Bf4+ 47.
Kg4 Qe1 48. Bg6+ Kg7 49. Kh3 Qg3# 0-1

[Event "*** Titled Tuesday 3|2 Blitz"]
[Site "Chess.com"]
[Date "2015.12.01"]
[Round "6"]
[White "Gergo85"]
[Black "petrpalachev"]
[Result "1-0"]
[WhiteElo "2353"]
[BlackElo "2317"]
[TimeControl "180+2"]
[EndTime "12:17:18 PST"]
[Termination "Gergo85 won by resignation"]

1. e4 c6 2. Nc3 d5 3. Nf3 Bg4 4. h3 Bxf3 5. Qxf3 e6 6. d4 dxe4 7. Qxe4 Nf6 8. Qh4 Be7 9. Bd3 Nd5 10. Qg3 Nb4 11. Be4 Bf6 12. a3 Nd5 13. Qd3 Nxc3 14.
bxc3 Nd7 15. O-O g6 16. a4 O-O 17. a5 Qc7 18. Qf3 Bg7 19. a6 Rfc8 20. axb7 Qxb7 21. Be3 Nf6 22. Bd3 a5 23. Rfb1 Qd7 24. c4 Ne8 25. c3 e5 26. d5 cxd5 27. cxd5 Rxc3 28. Bb5 Qe7 29. Bc6 e4 30. Qe2 Rxc6 31. dxc6 Bxa1 32. Rxa1 Qe6 33. Rc1 Rc8 34. Qa6 h5 35.
Bd4 Kh7 36. Ba1 e3 37. Qb6 e2 38. Re1 Rxc6 39. Qd4 f6 40. Qd2 Rd6 41. Qc2 Rd1 42.
Rxd1 exd1=Q+ 43. Qxd1 Ng7 44. Qd2 Qf5 45. Bd4 a4 46.
Qb4 Qc2 47. Bxf6 Qd1+ 48. Kh2 Qd7 49. Bb2 Qc7+ 50. g3 Qd7 51. Qc3 Kg8 52. h4 Kh7 53.
Qf6 Qc7 54. Qd4 Qd7 55. Qxd7 1-0

[Event "*** Titled Tuesday 3|2 Blitz"]
[Site "Chess.com"]
[Date "2015.12.01"]
[Round "6"]
[White "Makalexa"]
[Black "UltimateCrusher2"]
[Result "0-1"]
[WhiteElo "2049"]
[BlackElo "2042"]
[TimeControl "180+2"]
[EndTime "12:18:04 PST"]
[Termination "UltimateCrusher2 won on time"]

1. e4 e5 2. Nf3 Nc6 3. Bb5 Nf6 4. d3 Bc5 5. a3 O-O 6. O-O d6 7. Be3 Bb6 8. Bxb6 axb6 9. Re1 Bg4 10. Bxc6 bxc6 11.
h3 Bh5 12. g4 Bg6 13. Nbd2 h5 14. Nh2 Re8 15. Ndf1 hxg4 16. hxg4 Nh7 17. Ne3 Qh4 18.
Kg2 Ng5 19. Rh1 Nh3 20. Qf3 Nf4+ 21. Kf1 f6 22. Ke1 Rad8 23. Nhf1 Qg5 24. Ng3 d5 25. Kd2 Ne6 26. Nf5 d4 27. Rag1 dxe3+ 28. fxe3 Kf7 29.
Rg2 Rh8 30. Rhg1 Rh7 31. Kc3 Rdh8 32. b3 Rh3 33. Qf2 Nc5 34. Kb2 R8h7 35. a4 Bxf5 36. gxf5 Qxe3 37. Qf1 Qd4+ 38. Kb1 Nxd3 39. cxd3 Rxd3 40.
Rb2 Rd2 41. Rxd2 Qxd2 42. Qc4+ Kf8 43. Qe6 Qd6 44. Qc8+ Kf7 45. Rc1 Rh2 46. Qe6+ Qxe6 47. fxe6+ Kxe6 48. Rxc6+ Kd7 49. Rc3 Re2 50. Rg3 g5 51. Rg4 Rf2 52. b4 Rf4 53. Rxf4 exf4 54. Kc2 c5 55. b5 g4 56. Kd2 g3 57. Ke2 c4 58. Kf3 c3 59. e5 fxe5 60. a5 bxa5 61. b6 Kc6 62. b7 Kxb7 63. Ke2 e4 64. Kd1 g2 65. Ke2 f3+ 0-1

[Event "*** Titled Tuesday 3|2 Blitz"]
[Site "Chess.com"]
[Date "2015.12.01"]
[Round "6"]
[White "AdrianaNikolova"]
[Black "kharposh"]
[Result "0-1"]
[WhiteElo "2215"]
[BlackElo "2094"]
[TimeControl "180+2"]
[EndTime "12:18:06 PST"]
[Termination "kharposh won on time"]

1. e4 e5 2. Nf3 Nc6 3. Nc3 Nf6 4. d4 exd4 5. Nxd4 Bc5 6. Be3 Bb6 7. Qd2 O-O 8. Nxc6 dxc6 9. Qxd8 Rxd8 10. Bxb6 axb6 11.
Bd3 b5 12. a3 b4 13. Ne2 Be6 14. Nf4 Ra4 15. Nxe6 fxe6 16. O-O bxa3 17. Rxa3 Rxa3 18. bxa3 Ra8 19. Ra1 b5 20. c3 Nd7 21. Kf1 Nc5 22.
Ke2 e5 23. Ke3 Kf7 24. Bc2 Ke6 25. g3 g5 26. f4 gxf4+ 27. gxf4 exf4+ 28. Kxf4 Rf8+ 29. Ke3 Ke5 30. Rg1 Ne6 31. Bb3 Ra8 32. Bxe6 Kxe6 33. Rg7 Rxa3 34. Kd4 c5+ 35. Kxc5 Rxc3+ 36. Kxb5 Rh3 37.
Rxc7 Rxh2 38. Rc5 h5 39. Kc6 h4 40. Rh5 h3 41. Kc5 Rh1 42. Kd4 h2 43. Rh6+ Kf7 44. Ke5 Kg7 45. Rh3 Kg6 46. Ke6 Kg5 47. e5 Kg4 48. Rh8 Kg3 49. Ke7 Re1 50. e6 Ra1 51.
Rg8+ Kf4 52. Rf8+ Ke5 53. Rh8 Ra7+ 54. Kf8 Ra8+ 0-1

[Event "*** Titled Tuesday 3|2 Blitz"]
[Site "Chess.com"]
[Date "2015.12.01"]
[Round "6"]
[White "BellJackson95"]
[Black "Blitzstream"]
[Result "0-1"]
[WhiteElo "2161"]
[BlackElo "2395"]
[TimeControl "180+2"]
[EndTime "12:18:10 PST"]
[Termination "Blitzstream won by checkmate"]

1. e4 d5 2. exd5 Qxd5 3. d4 Nc6 4. Nf3 Bg4 5. Nc3 Qa5 6. Bb5 e6 7. h3 Bxf3 8. Qxf3 Ne7 9. Bd2 O-O-O 10. Bxc6 Nxc6 11. O-O-O f6 12. Kb1 Nxd4 13. Qe4 Qf5 14. Be3 Qxe4 15. Nxe4 e5 16. c3 Nc6 17. b4 Be7 18. a4 a6 19. b5 axb5 20. axb5 Na5 21. Kc2 Rxd1 22. Rxd1 Rd8 23. Ra1 b6 24. Nd2 Kb7 25.
g4 Rd5 26. c4 Rd7 27. Kc3 g6 28. Nb3 Nxb3 29. Kxb3 Rd3+ 30. Kc2 Ra3 31. Rxa3 Bxa3 32.
Kd3 Kc8 33. Ke4 Kd7 34. Kd5 Bb2 35. f4 Ba1 36. f5 gxf5 37. gxf5 Bb2 38. Bh6 Ba3 39. h4 Bd6 40. h5 Ke7 41. Be3 Kd7 42. Bd2 Be7 43. Be3 Bb4 44. Bh6 Ke7 45. Be3 Kd7 46.
Bc1 Bc3 47. Be3 Be1 48. Bh6 Bh4 49. Be3 Bg3 50. Bd2 Bf4 51. Be1 Ke7 52. Bb4+ Kf7 53.
Be1 Kg7 54. Bb4 Kh6 55. Ke4 Kxh5 56. Be7 Kg5 57. Bd8 Bh2 58. Bxc7 Bg1 59. Bd6 h5 60. c5 bxc5 61. b6 c4 62. b7 Ba7 63. b8=Q Bxb8 64.
Bxb8 h4 65. Kf3 Kxf5 66. Bd6 c3 67. Ba3 c2 68. Bc1 e4+ 69. Kg2 Kg4 70. Kf2 f5 71.
Ke3 h3 72. Kf2 f4 73. Kg1 Kg3 74. Kh1 e3 75. Kg1 e2 76. Bd2 c1=Q+ 77. Bxc1 e1=Q# 0-1

[Event "*** Titled Tuesday 3|2 Blitz"]
[Site "Chess.com"]
[Date "2015.12.01"]
[Round "6"]
[White "KNVB"]
[Black "Krutoy123"]
[Result "1-0"]
[WhiteElo "2362"]
[BlackElo "2328"]
[TimeControl "180+2"]
[EndTime "12:18:52 PST"]
[Termination "KNVB won by resignation"]

1. d4 Nf6 2. c4 e6 3. Nc3 Bb4 4. Qc2 O-O 5. Nf3 c5 6. dxc5 Nc6 7. a3 Bxc5 8. Bf4 a6 9. Rd1 Bb6 10. Bd6 Re8 11. e4 Bc7 12. e5 Bxd6 13. Rxd6 Ng4 14. Qe4 f5 15. exf6 Nxf6 16. Qe3 Qc7 17. c5 Ne7 18. Rd2 Nf5 19. Qe5 Qxe5+ 20. Nxe5 Ne7 21. Nc4 Nc6 22. Nb6 Rb8 23. Be2 Kf7 24. f3 Ke7 25. Kf2 Rf8 26. h3 Ne5 27. Rhd1 Nh5 28. Kg1 Nf4 29. Bf1 Rf5 30. Ne4 Rh5 31. Nd6 Kd8 32.
b4 Kc7 33. Kf2 Nfg6 34. g3 Nf8 35. f4 Nc6 36. h4 Rh6 37. Bg2 Rf6 38. Ne8+ Kd8 39.
Nxf6 gxf6 40. g4 Ke7 41. g5 fxg5 42. fxg5 Nd8 43. Kg3 Nf7 44. Be4 Ne5 45. h5 Nf7 46. Kf4 e5+ 47. Kg4 d5+ 48. Bf5 Bxf5+ 49. Kxf5 d4 50.
g6 hxg6+ 51. hxg6 Nh6+ 52. Kxe5 Nxg6+ 53. Kxd4 Nf5+ 54. Kc3 Rh8 55. Rd7+ Kf6 56. Rxb7 Rh3+ 57. Rd3 Rh1 58. Nd5+ Ke5 59. Ne3 Ng3 60. Nc4+ Kf4 61. Rxg3 Kxg3 62. Rg7 Rh6 63. Ne5 Kf4 64. Nxg6+ Kf5 65.
c6 Rh3+ 66. Kb2 Rh2+ 67. Kb3 Rh3+ 68. Ka4 Rc3 69. c7 Kf6 70. Rg8 Rxc7 71. Nf4 Rc4 72. Nd5+ Ke6 73. Nb6 Rc3 74. Ra8 Kd6 75. Rxa6 Rc1 76.
Nc4+ Kd5 77. Rd6+ Ke4 78. Kb5 Rg1 79. a4 Rg5+ 80. Kb6 Rg8 81. b5 Ra8 82. a5 Rc8 83. Rc6 Rb8+ 84. Kc5 Rd8 85. a6 Rd5+ 86. Kb6 Rd1 1-0

[Event "*** Titled Tuesday 3|2 Blitz"]
[Site "Chess.com"]
[Date "2015.12.01"]
[Round "6"]
[White "LuckyTiger"]
[Black "Fandorine"]
[Result "0-1"]
[WhiteElo "2505"]
[BlackElo "2587"]
[TimeControl "180+2"]
[EndTime "12:18:54 PST"]
[Termination "Fandorine won by resignation"]

1. e4 c6 2. d4 d5 3. e5 c5 4. dxc5 Nc6 5. Nf3 Bg4 6. Be3 e6 7. Bb5 Qa5+ 8. Nc3 Ne7 9. h3 Bxf3 10. Qxf3 O-O-O 11. Bd2 Nxe5 12. Qe2 Qc7 13. Bf4 N7g6 14. Bg3 Bxc5 15. O-O-O Bd6 16. Kb1 a6 17. Ba4 Nc4 18. Bxd6 Rxd6 19. Rhe1 Rhd8 20. Bb3 Na5 21. Qf3 Kb8 22. Qh5 h6 23. Qf3 Nc6 24. Qg3 R6d7 25. Qf3 Qf4 26. Qe2 Nd4 27. Qf1 Nxb3 28.
axb3 Rc8 29. g3 Qc7 30. Qe2 Ne7 31. h4 Nc6 32. Rd3 Nb4 33. Rd4 Qa5 34. Qg4 Rxc3 35. Rxb4 Rc4 36. bxc4 Qxb4 37. Rd1 Rc7 38. Qxg7 Qxc4 39.
Rc1 Qe2 40. Qh8+ Ka7 41. Qxh6 Qxf2 42. Qg5 d4 43. Qe5 Rc6 44. Qf4 Qxf4 45. gxf4 Rc5 46.
Rh1 Rh5 47. Kc1 Kb6 48. Kd2 Kc5 49. Ke2 Kd5 50. Kf3 f6 51. Kg4 Rh8 52. h5 Rg8+ 53.
Kf3 e5 54. fxe5 fxe5 55. h6 e4+ 56. Kf4 e3 57. h7 Rh8 58. Rh5+ Kc4 59. Kf3 b5 60. Ke2 a5 61. Rh6 a4 62. Rc6+ Kd5 63. Rc7 b4 64. Kd3 a3 65. bxa3 bxa3 66. Rd7+ Kc6 67.
Ra7 Kc5 68. Rxa3 Rxh7 69. Ra5+ Kb4 70. Rd5 Re7 71. Rxd4+ Kc5 72. Rc4+ Kb5 73. Rh4 e2 74. Rh5+ Kb6 0-1

[Event "*** Titled Tuesday 3|2 Blitz"]
[Site "Chess.com"]
[Date "2015.12.01"]
[Round "6"]
[White "pKiLz5Rn9b"]
[Black "Keranke"]
[Result "1/2-1/2"]
[WhiteElo "2474"]
[BlackElo "2593"]
[TimeControl "180+2"]
[EndTime "12:19:43 PST"]
[Termination "Game drawn by agreement"]

1. e4 c5 2. c3 d5 3. exd5 Qxd5 4. d4 Nf6 5. Nf3 e6 6. Na3 a6 7. Nc4 Nbd7 8. Ne3 Qc6 9. Bd3 b6 10.
O-O Bb7 11. Re1 Be7 12. b3 cxd4 13. cxd4 O-O 14. Bb2 b5 15. Ne5 Qb6 16. Nxd7 Nxd7 17. d5 exd5 18. Nxd5 Bxd5 19. Rxe7 Nf6 20. Re3 Rad8 21.
Qe2 Rfe8 22. Re1 Rxe3 23. Qxe3 Qd6 24. Be5 Qe6 25. h3 Nd7 26. Qf4 Nxe5 27. Rxe5 Qd7 28. Bf5 Be6 29. Bxe6 fxe6 30. Qe3 Re8 31. h4 Qd6 32. h5 Rc8 33. h6 Qd1+ 34. Kh2 Qg4 35. Rxe6 Qh5+ 36. Qh3 Qxh3+ 37. Kxh3 Rc2 38. Rxa6 gxh6 39.
Kg3 Kg7 40. Ra5 Kg6 41. Rxb5 Rxa2 42. b4 Rb2 43. Rb6+ Kg5 44. Rb5+ Kg6 45. f3 h5 46.
Rb6+ Kg5 47. Rb5+ Kg6 48. Kh3 h4 49. f4 h6 50. Kh2 Rb3 51. Kg1 Rb2 52. Kf1 Kg7 53.
Rb6 Kh7 54. Kg1 Kg7 55. Kh2 Rb3 56. f5 h5 57. b5 Kf7 58. Kg1 Rb2 59. Kh2 Rb3 60. Rh6 h3 61. g3 h4 62. Rxh4 Rxb5 63.
g4 Kf6 64. Rxh3 Kg5 65. Rg3 Rb2+ 66. Kh3 Rb4 67. Kg2 Rb2+ 68. Kf1 Ra2 69. Rg2 Ra3 70. Kf2 Rb3 71. Kg1 Ra3 72. Kf1 Rb3 73. Ke2 Ra3 74.
Rg1 Rb3 75. Kd2 Ra3 76. Kc2 Rf3 77. Kd2 Ra3 78. Ke2 Rb3 79. Rg2 Ra3 80. Rg1 Rb3 81.
Rf1 Kxg4 82. f6 Rb8 83. Ke3 Kg5 84. Ke4 Kg6 85. Ke5 Kf7 1/2-1/2

[Event "*** Titled Tuesday 3|2 Blitz"]
[Site "Chess.com"]
[Date "2015.12.01"]
[Round "6"]
[White "Anton_Demchenko"]
[Black "DeviatkinAndrey"]
[Result "1/2-1/2"]
[WhiteElo "2659"]
[BlackElo "2515"]
[TimeControl "180+2"]
[EndTime "12:19:59 PST"]
[Termination "Game drawn - insufficient material"]

1. e4 c6 2. d4 d5 3. Nd2 h6 4.
Ngf3 dxe4 5. Nxe4 Bf5 6. Nc5 Qc7 7. Bd3 Bxd3 8. Nxd3 Nd7 9. O-O e6 10. Re1 Ngf6 11. c4 Be7 12. b3 O-O 13. Bb2 Rad8 14.
Qe2 Rfe8 15. Rad1 c5 16. dxc5 Nxc5 17. Nde5 Rxd1 18. Rxd1 Rd8 19. Rxd8+ Qxd8 20. h3 Nce4 21. Bd4 a6 22. g3 Qa5 23. Qc2 Bc5 24. Bxc5 Qxc5 25.
Kg2 a5 26. Qe2 b6 27. Qb2 Kf8 28. a3 Kg8 29. b4 axb4 30. axb4 Qd6 31. Qb1 Qd8 32. Qa1 Qb8 33. Qd4 Qd6 34. Qxd6 Nxd6 35. c5 bxc5 36. bxc5 Nb5 37. c6 Kf8 38. Nd4 Nc7 39.
Nc4 Ke7 40. f4 Ne4 41. Kf3 Nd6 42. Nb6 f6 43. g4 g5 44. fxg5 hxg5 45. Na4 e5 46.
Ne2 Ke6 47. Ng3 Kd5 48. Nh5 Nde8 49. Nc3+ Kxc6 50. Ne4 Nd5 51. Nhg3 Nf4 52. Nh5 Nd5 53. Nhg3 Kd7 54. Nf5 Ke6 55. h4 gxh4 56. Nxh4 Nd6 57. Nxd6 Kxd6 58. Nf5+ Ke6 59. Ng7+ Kf7 60. Nf5 Ne7 61.
Nd6+ Ke6 62. Ne4 Kf7 63. Nd6+ Kg6 64. Ne4 Nc6 65. Ke3 Nd4 66. Kf2 Kf7 67. Ke3 Ke6 68. Kf2 Nb5 69. Ke3 Nd6 70. Ng3 Kf7 71. Kf3 Kg6 72. Nf1 Kg5 73. Ne3 e4+ 74. Kg3 Nb5 75. Nd5 Nd4 76. Nc3 e3 77. Ne4+ Kg6 78. Nc3 Kf7 79.
Nd5 e2 80. Kf2 Kg6 81. Nf4+ Kg5 82. Nd5 Kg6 83. Nf4+ Kg5 84. Nd5 Kxg4 85. Nxf6+ Kf4 86. Nd5+ Ke4 87. Nc3+ Kd3 88. Nxe2 Nxe2 1/2-1/2

[Event "*** Titled Tuesday 3|2 Blitz"]
[Site "Chess.com"]
[Date "2015.12.01"]
[Round "6"]
[White "Gabrielian_Artur"]
[Black "GeorgMeier"]
[Result "0-1"]
[WhiteElo "2541"]
[BlackElo "2625"]
[TimeControl "180+2"]
[EndTime "12:21:37 PST"]
[Termination "GeorgMeier won by resignation"]

1. Nf3 e6 2. g3 Nf6 3. Bg2 d5 4. O-O Be7 5. d4 b5 6. Qd3 O-O 7. Qxb5 Ba6 8. Qa4 Bxe2 9. Re1 Bxf3 10. Bxf3 c5 11. dxc5 Bxc5 12. Qb5 Nbd7 13. Nc3 Rc8 14. Kg2 Qb6 15. Qxb6 Nxb6 16. a4 Bb4 17. a5 Nc4 18. Ra4 Bxa5 19. Bg5 Rc5 20. b4 Nb2 21. Rxa5 Rxc3 22.
Rxa7 Rxc2 23. Re2 Rxe2 24. Bxe2 Ne4 25. Be7 Rb8 26. f3 Nc3 27. Bd6 Rd8 28. Bc7 Re8 29.
Ba6 d4 30. Be5 Nd5 31. Bxd4 Nd1 32. b5 N1e3+ 33. Kf2 Nc4 34. Rc7 Ncb6 35. Rc6 Rb8 36. Be5 Rd8 37. Bd6 h5 38. Bc5 Rb8 39. h4 g6 40. g4 Kg7 41. g5 Kg8 42. f4 Kg7 43.
Kf3 Kg8 44. Ke4 Kg7 45. Bd6 Rd8 46. Be5+ Kf8 47. Bd4 Rb8 48. Ke5 Ke8 49. f5 Nd7+ 50. Kd6 Ne7 51. fxe6 fxe6 52. Kxe6 Nf8+ 53. Ke5 Nd7+ 54. Ke6 Nf8+ 55. Ke5 Nd7+ 56. Kd6 Nf8 57. Rc4 Rd8+ 58. Ke5 Nf5 59. Bc3 Nd7+ 60. Kf4 Nb6 61.
Re4+ Kd7 62. Kf3 Nd5 63. Ba5 Ra8 64. Rc4 Kd6 65. Rc6+ Ke5 66. Kf2 Nd4 67. Rxg6 Ke4 68. Ke1 Kd3 69. Kd1 Ne3+ 70. Kc1 Nc4 71. Rg7 Re8 72.
Kb1 Nxa5 73. b6+ Kc3 74. b7 Kb3 75. Re7 Rf8 76. Re3+ Kb4 77. g6 Rg8 78. g7 Nxb7 79. Bxb7 Rxg7 80. Bd5 Rg4 81. Bf7 Rxh4 82. Re5 Rh1+ 83.
Kb2 Rh2+ 84. Kb1 h4 85. Rh5 Kc3 86. Rc5+ Kd3 87. Bg6+ Ke3 88. Re5+ Kf4 89. Re4+ Kg5 90. Rxd4 Kxg6 91. Kc1 h3 92. Kd1 Kg5 93. Ke1 Rb2 94.
Rd5+ Kg4 95. Rd4+ Kg3 96. Rd3+ Kg2 97. Rd8 h2 98. Rg8+ Kf3 99. Rf8+ Ke4 100. Re8+ Kd5 101. Rd8+ Kc6 0-1

[Event "*** Titled Tuesday 3|2 Blitz"]
[Site "Chess.com"]
[Date "2015.12.01"]
[Round "7"]
[White "1stSecond"]
[Black "Hikaru"]
[Result "1-0"]
[WhiteElo "2457"]
[BlackElo "2904"]
[TimeControl "180+2"]
[EndTime "12:25:58 PST"]
[Termination "1stSecond won by resignation"]

1. d4 f5 2. g3 Nf6 3. Bg2 g6 4. c3 Bg7 5. Nh3 O-O 6. Qb3+ d5 7. Nf4 c6 8. Nd2 e6 9. Nf3 Qe7 10. Nd3 Nbd7 11. h4 Ne4 12. Bf4 b6 13. Nde5 c5 14.
Nxd7 Bxd7 15. Be5 Bh6 16. Bf4 Bxf4 17. gxf4 Nf6 18. Ne5 Rac8 19. Bf3 Be8 20. e3 Nd7 21. Qa3 Nxe5 22. dxe5 Bc6 23. Rd1 Qb7 24. Rg1 Kh8 25.
Qb3 Qa6 26. Be2 Qa5 27. Qa3 Ba4 28. b4 Bxd1 29. bxa5 Bc2 30. h5 gxh5 31. Kd2 Be4 32. f3 1-0

[Event "*** Titled Tuesday 3|2 Blitz"]
[Site "Chess.com"]
[Date "2015.12.01"]
[Round "7"]
[White "Keranke"]
[Black "VMikhalevski"]
[Result "1-0"]
[WhiteElo "2599"]
[BlackElo "2500"]
[TimeControl "180+2"]
[EndTime "12:26:43 PST"]
[Termination "Keranke won by resignation"]

1. d4 Nf6 2. c4 g6 3. g3 d5 4. cxd5 Nxd5 5. Bg2 Bg7 6. e4 Nb6 7. Ne2 c5 8. d5 e6 9. O-O exd5 10. exd5 O-O 11.
Nec3 Na6 12. a4 Nb4 13. Be3 Na6 14. Na3 Bf5 15. d6 Qd7 16. a5 Nc8 17. Nc4 Rd8 18.
Bg5 Nxd6 19. Bxd8 Rxd8 20. Nxd6 Qxd6 21. Qxd6 Rxd6 22. Bxb7 Nb4 23. Nb5 Rd7 24. Bc8 Re7 25. Bxf5 gxf5 26. Rfe1 Rxe1+ 27. Rxe1 a6 28. Re8+ Bf8 29.
Nc7 Kg7 30. Ra8 Bd6 31. Ne8+ 1-0

[Event "*** Titled Tuesday 3|2 Blitz"]
[Site "Chess.com"]
[Date "2015.12.01"]
[Round "7"]
[White "SlovenskiZmaj"]
[Black "oskariot"]
[Result "1-0"]
[WhiteElo "2305"]
[BlackElo "2248"]
[TimeControl "180+2"]
[EndTime "12:26:53 PST"]
[Termination "SlovenskiZmaj won by resignation"]

1. e4 c5 2. c3 Qa5 3. Nf3 Nc6 4.
Bc4 d6 5. O-O Nf6 6. Re1 e6 7. d4 cxd4 8. cxd4 d5 9. exd5 Nxd5 10.
Bxd5 Qxd5 11. Nc3 Qd8 12. d5 Nb4 13. a3 Na6 14. Bg5 Be7 15. Bxe7 Qxe7 16. d6 Qd8 17. Ne5 Nb8 18. Nd5 Na6 19. Qf3 Rf8 20. Rad1 Bd7 21. Nc7+ Nxc7 22. dxc7 1-0

[Event "*** Titled Tuesday 3|2 Blitz"]
[Site "Chess.com"]
[Date "2015.12.01"]
[Round "7"]
[White "Maitreia"]
[Black "Svetlin_Mladenov"]
[Result "1-0"]
[WhiteElo "2458"]
[BlackElo "2321"]
[TimeControl "180+2"]
[EndTime "12:27:06 PST"]
[Termination "Maitreia won by resignation"]

1. c4 c5 2. g3 g6 3. Bg2 Bg7 4. Nc3 Nc6 5. Nf3 d6 6. a3 e5 7. O-O Nge7 8. d3 h6 9. Ne1 Be6 10. Nd5 Qd7 11. Nc2 Rb8 12. Rb1 b5 13. Nxe7 Nxe7 14.
cxb5 Qxb5 15. b4 O-O 16. Bd2 Qa4 17. bxc5 dxc5 18. Qc1 Bb3 19. Ne3 Rfc8 20. Ng4 h5 21.
Nh6+ Kh7 22. Bh3 Rd8 23. Qxc5 Nc6 24. Rxb3 Qxb3 25. Nxf7 Qxf7 26. Qxc6 Rb2 27. Bg5 Rf8 28.
Qe4 Rb5 29. Bg2 Bh6 30. Bxh6 Kxh6 31. Bf3 Qb3 32. a4 Rc5 33. Qe3+ 1-0

[Event "*** Titled Tuesday 3|2 Blitz"]
[Site "Chess.com"]
[Date "2015.12.01"]
[Round "7"]
[White "RitvarsReimanis"]
[Black "salomez"]
[Result "1-0"]
[WhiteElo "2296"]
[BlackElo "2087"]
[TimeControl "180+2"]
[EndTime "12:27:12 PST"]
[Termination "RitvarsReimanis won by resignation"]

1. d4 Nf6 2. c4 g6 3. Nc3 d5 4. cxd5 Nxd5 5. e4 Nxc3 6. bxc3 Bg7 7. Be3 O-O 8. Nf3 c5 9. Bc4 cxd4 10. cxd4 Nc6 11.
h3 Qa5+ 12. Kf1 b5 13. Bd5 Bd7 14. Rc1 Rac8 15. Bb3 e5 16. dxe5 Nxe5 17. Rxc8 Nxf3 18. Rxf8+ Bxf8 19. Qxf3 Be8 20. g4 Qc3 21. Kg2 a5 22.
Rc1 Qg7 23. Rc7 a4 24. Bd5 b4 25. Bg5 Bd6 26. Rc8 1-0

[Event "*** Titled Tuesday 3|2 Blitz"]
[Site "Chess.com"]
[Date "2015.12.01"]
[Round "7"]
[White "Rating-Schmating"]
[Black "AnimationDomination"]
[Result "1-0"]
[WhiteElo "2081"]
[BlackElo "1739"]
[TimeControl "180+2"]
[EndTime "12:27:41 PST"]
[Termination "Rating-Schmating won by resignation"]

1. e4 c6 2. d4 d5 3. exd5 cxd5 4. Bd3 Nf6 5. Ne2 e6 6. O-O Nbd7 7. Bg5 Bd6 8. Nbc3 h6 9. Bh4 O-O 10. Bg3 Bxg3 11.
Nxg3 a6 12. a3 b5 13. Nh5 Nxh5 14.
Qxh5 Nf6 15. Qf3 Qd6 16. Qg3 Qxg3 17. fxg3 Bb7 18. Rae1 Rfe8 19. Ne2 Re7 20. Nf4 Rae8 21. Re5 Nd7 22. Re2 Nb6 23. Rfe1 Nc4 24. c3 Kf8 25. Bc2 Bc6 26. Bb1 a5 27. Nd3 Kg8 28. Ba2 f6 29. Bxc4 dxc4 30. Nc5 e5 31. dxe5 Rxe5 32. Rxe5 Rxe5 33.
Rxe5 fxe5 34. Ne6 Kf7 35. Nd8+ Ke7 36. Nxc6+ Kd6 37. Nxa5 Kc7 38. b4 1-0